 Dungeon Crawl Stone Soup version 0.18.1-8-gdd0e5ea (webtiles) character file.

159 stigmas the Vexing (level 5, -11/37 HPs)
             Began as a Vampire Enchanter on June 3, 2016.
             Mangled by mango's ghost (14 damage)
             ... on level 4 of the Dungeon.
             The game lasted 00:08:21 (3275 turns).

stigmas the Vexing (Vampire Enchanter)              Turns: 3275, Time: 00:08:22

Health: -11/37     AC:  5    Str:  8    XL:     5   Next: 17%
Magic:  1/8        EV: 11    Int: 17    God:
Gold:   91         SH:  0    Dex: 15    Spells: 3 memorised, 3 levels left

rFire  . . .     SeeInvis +     a - +1 dagger
rCold  . . .     Gourm    .     h - +0 ring mail {rPois}
rNeg   . . .     Faith    .     (no shield)
rPois  +         Spirit   .     (no helmet)
rElec  .         Dismiss  .     (no cloak)
rCorr  .         Reflect  .     (no gloves)
SustAt .         Harm     .     (no boots)
MR     .....                    (no amulet)
Stlth  ++........               (no ring)
                                (no ring)

@: regenerating quickly, not resistant to hostile enchantments, unstealthy
A: fangs 3, see invisible, unbreathing
a: no special abilities


You were on level 4 of the Dungeon.
You were full.

You visited 1 branch of the dungeon, and saw 4 of its levels.

You collected 91 gold pieces.

Inventory:

Hand Weapons
 a - a +1 dagger (weapon)
Armour
 b - a +1 robe
 h - a +0 ring mail of poison resistance (worn)
Wands
 j - a wand of flame (20/48)
Scrolls
 d - a scroll of teleportation {unknown}
 f - 2 scrolls of remove curse {unknown}
 g - 2 scrolls of random uselessness {unknown}
 i - a scroll of noise {unknown}
 k - 2 scrolls of recharging {unknown}
 m - a scroll of identify {unknown}
Potions
 e - 4 potions of curing {unknown}
 l - a potion of agility {unknown}
Books
 c - a book of Maledictions

   Spells                             Type                      Level
   a - Corona                         Hexes                        1
   b - Ensorcelled Hibernation        Hexes/Ice                    2
   c - Confuse                        Hexes                        3
   d - Tukima's Dance                 Hexes                        3
   e - Dazzling Spray                 Conjuration/Hexes            3


   Skills:
 * Level 1.3 Fighting
 + Level 1.5 Short Blades
 + Level 0.8 Armour
 + Level 3.8 Dodging
 - Level 4.7 Stealth
 * Level 2.5 Spellcasting
 * Level 5.5 Hexes


You had 3 spell levels left.
You knew the following spells:

 Your Spells              Type           Power        Failure   Level  Hunger
a - Corona                Hex            ###....      8%          1    #......
b - Ensorcelled Hibernat  Hex/Ice        ##....       34%         2    ##.....
c - Confuse               Hex            ###.....     21%         3    ###....


Dungeon Overview and Level Annotations

Branches:
Dungeon (4/15)
 Temple: D:4-7

Altars:
Nemelex Xobeh

Annotations:
D:4 mango's ghost, novice OgWr


Innate Abilities, Weirdness & Mutations

Your natural rate of healing is unusually fast.
You have razor-sharp teeth.
You have supernaturally acute eyesight.
You can survive without breathing.


Message History

You puncture mango's ghost!
Mango's ghost is severely damaged.
You catch the helpless mango's ghost completely off-guard!
You puncture mango's ghost!
Mango's ghost is almost destroyed.
You hit mango's ghost.
Mango's ghost is almost destroyed.
Mango's ghost seems less confused.
Mango's ghost hits you!!
Ouch! That really hurt!
* * * LOW HITPOINT WARNING * * *
You hit mango's ghost but do no damage.
Mango's ghost is almost destroyed.
Mango's ghost closely misses you.
Casting: Confuse
Confirm with . or Enter, or press ? or * to list all spells.
Aiming: Confuse
Press: ? - help, Shift-Dir - straight line, f/p - mango's ghost
Aim: mango's ghost (almost destroyed, chance to defeat MR: 28%) Mango's ghost easily resists.
Mango's ghost hits you!
You die...

.............#####.#.
.......##....# .....
....... #....##.....
..... #...........
###...#####.........
..........#........
....)...........#
................#
........<...@...#
........##..W...#
...........###.....#
#.......#### ######
###?#.... #.#.### .
#. #. ##


You could see mango's ghost.

Vanquished Creatures
  A scorpion (D:4)
  An orc priest (D:3)
  2 adders (D:3)
  A worm (D:2)
  A giant gecko (D:1)
  4 orcs (D:3)
  11 bats
  3 giant cockroaches
  6 goblins
  4 hobgoblins
  4 jackals (D:2)
  A quokka (D:2)
  2 ball pythons
  2 giant newts
  4 kobolds
  9 rats
56 creatures vanquished.

Notes
Turn   | Place    | Note
--------------------------------------------------------------
     0 | D:1      | stigmas the Vampire Enchanter began the quest for the Orb.
     0 | D:1      | Reached XP level 1. HP: 13/13 MP: 3/3
   369 | D:1      | Reached XP level 2. HP: 17/19 MP: 5/5
   794 | D:2      | Learned a level 2 spell: Ensorcelled Hibernation
  1280 | D:2      | Reached XP level 3. HP: 22/25 MP: 6/6
  1895 | D:4      | Noticed an ogre
  1905 | D:3      | Reached skill level 5 in Hexes
  1905 | D:3      | Reached XP level 4. HP: 31/31 MP: 4/7
  2177 | D:3      | Found a sparkling altar of Nemelex Xobeh.
  2691 | D:3      | Learned a level 3 spell: Confuse
  3009 | D:3      | Reached skill level 1 in Fighting
  3139 | D:4      | Noticed mango's ghost (novice OgWr)
  3149 | D:4      | Reached XP level 5. HP: 36/37 MP: 3/8
  3275 | D:4      | Mangled by mango's ghost

Skill      XL: |  1  2  3  4 |
---------------+-------------+-----
Dodging        | 3 |  3.8
Hexes          | 5 |  5.5
Fighting       | 1 |  1.3
Short Blades   | |  1.5
Armour         | |  0.8
Stealth        | |  4.7
Spellcasting   | |  2.5

Action                   |  1- 3 |  4- 6 || total
-------------------------+-------+-------++-------
Melee: Dagger            |   147 |    87 ||   234
       Bite              |    10 |     9 ||    19
 Cast: Ensorcelled Hiber |     1 |     3 ||     4
       Confuse           |       |     5 ||     5
 Stab: Sleeping          |     8 |     4 ||    12
       Confused          |       |     4 ||     4
  Eat: Corpse            |    11 |     5 ||    16
Armor: Robe              |    27 |       ||    27
       Ring mail         |    26 |    24 ||    50
Dodge: Dodged            |   115 |    41 ||   156
